Map: Ulrena

Players

Miltreta

  • Race: Terran Terran
  • League: Bronze

GUY - Winner!

  • Race: Terran Terran
  • League: Silver

VOD

Have the link to the VOD?

Description

Time

  • Played on: March 15, 2016, 8:36 a.m.
  • Length: 16:19
Show
View Real Time Build Order
Export as new Build Order

Miltreta Terran 

Build Orders:  

Get SALT Encoding   

  12  0:00  SCV  
  13  0:17  Supply Depot  
  13  0:18  SCV  
  14  0:26  Refinery  
  14  0:32  SCV  
  15  0:44  Barracks  
  15  0:54  Supply Depot  
  15  0:58  SCV  
  16  1:17  SCV  
  17  1:30  SCV  
  18  1:35  Reaper  
  19  1:44  Orbital Command  
  19  2:07  Reaper  
  20  2:09  SCV  
  21  2:19  Command Center  
  21  2:26  Factory  
  21  2:27  SCV  
  22  2:45  Refinery  
  21  3:28  SCV, Barracks  
  22  3:37  Barracks x2  
  22  3:43  Starport  
  22  3:47  SCV  
  23  3:48  Barracks Tech Lab  
  23  3:51  SCV  
  24  4:00  SCV  
  25  4:11  Stimpack  
  25  4:16  Factory Reactor  
  24  4:22  Medivac  
  26  4:26  Marine x3  
  29  4:44  Engineering Bay  
  29  4:50  Marine x2  
  29  4:51  Marine  
  32  5:00  Supply Depot  
  32  5:01  Supply Depot  
  27  5:19  Marine  
  27  5:20  Marine x2  
  26  5:42  Marine x4  
  29  6:07  Marine x4  
  24  6:20  Missile Turret  
  24  6:21  Widow Mine  
  24  6:24  Marine  
  24  6:25  Marine x2  
  14  6:49  Marine x2  
  14  6:50  Marine  
  17  6:54  Widow Mine  
  17  7:00  Medivac  
  21  7:14  SCV  
  22  7:23  Marine  
  23  7:47  Barracks Reactor  
  23  7:48  Barracks Reactor x2  
  21  8:04  Marine  
  21  8:16  Supply Depot  
  21  8:20  Bunker  
  22  8:32  Marine  
  22  8:33  Marine x3  
  26  8:34  Marine x2  
  26  8:41  Marauder  
  24  9:02  Marine x2  
  20  9:03  Marine  
  20  9:09  Marine  
  20  9:30  Marine  
  20  9:31  Marine x2  
  23  9:39  Marine  
  24  10:03  Marauder  
  26  10:12  Missile Turret  
  26  10:24  Marauder  
  23  10:40  Marine  
  23  10:41  Marine x4  
  28  10:42  Marine  
  28  10:48  Medivac  
  31  10:54  Hellion x2  
  35  11:00  SCV  
  36  11:05  Marine  
  35  11:55  Marine x3  
  35  11:56  Marine x2  
  35  11:57  Marine  
  35  11:59  Widow Mine x2  
  45  12:15  Starport Reactor  
  45  12:50  Marine  
  45  12:51  Marine x5  
  48  12:53  Marauder  
  53  13:00  SCV  
  54  13:08  Marine  
  54  13:12  SCV  
  53  13:34  Marine  
  54  13:44  Supply Depot  
  54  13:45  Marine  
  54  13:47  Marine x2  
  51  13:59  Marine x2  
  51  14:00  Marine  
  51  14:22  Marine  
  51  14:23  Marine x4  
  51  14:24  Marine  
  54  14:25  Marauder  
  54  14:28  Medivac x2  
  61  14:32  SCV  
  61  14:33  SCV  
  56  14:55  Orbital Command, Missile Turret  
Show
View Real Time Build Order
Export as new Build Order

GUY Terran - Winner!

Build Orders:  

Get SALT Encoding   

  12  0:01  SCV  
  13  0:13  SCV  
  14  0:25  SCV, Supply Depot  
  15  0:46  Refinery  
  15  0:47  SCV  
  15  0:48  Barracks  
  16  0:53  Supply Depot  
  16  0:59  SCV  
  17  1:05  Refinery  
  17  1:11  SCV  
  18  1:23  SCV  
  19  1:42  Barracks Tech Lab  
  19  1:45  SCV  
  20  1:51  Factory  
  20  1:57  SCV  
  21  2:17  Marauder  
  21  2:18  Concussive Shells  
  23  2:26  Barracks  
  23  2:38  Marauder  
  25  2:46  Widow Mine  
  27  2:55  Starport  
  27  2:59  Marauder  
  29  3:28  Marine  
  30  3:36  Factory Tech Lab  
  30  3:37  Supply Depot  
  30  3:40  Supply Depot  
  30  3:45  Marine  
  31  3:55  Orbital Command  
  31  3:58  Medivac  
  33  4:03  Supply Depot, Marine  
  33  4:07  Supply Depot  
  34  4:15  Marauder  
  36  4:30  Marine  
  37  4:35  Cyclone  
  37  4:36  Marauder  
  42  4:57  Marauder  
  38  5:56  Command Center  
  34  7:03  Marauder  
  34  7:04  Medivac  
  34  7:07  Marine  
  39  7:09  Siege Tank  
  39  7:13  SCV  
  43  7:24  Marauder  
  43  7:25  SCV, Marine  
  47  7:35  SCV  
  49  7:37  SCV, Refinery  
  49  7:41  Siege Tank  
  49  7:42  Marine  
  53  7:47  SCV  
  53  7:49  SCV  
  51  8:34  SCV  
  52  8:46  SCV  
  53  8:58  SCV  
  51  9:11  SCV  
  52  9:23  SCV  
  53  9:34  Starport Tech Lab  
  53  9:36  Marauder  
  53  9:37  Marine  
  56  9:55  Marine  
  56  9:57  Marauder  
  46  10:41  SCV  
  43  10:44  Starport  
  43  10:46  Starport  
  43  10:48  Starport  
  43  10:51  Refinery  
  43  10:53  SCV, Marauder  
  43  10:54  Banshee  
  43  10:56  Cloaking Field, Barracks Reactor  
  49  11:01  SCV  
  50  11:05  Supply Depot  
  50  11:07  Supply Depot  
  50  11:11  Command Center  
  50  11:13  SCV  
  50  11:15  Marauder  
  53  11:22  Command Center  
  53  11:30  SCV  
  54  11:33  Engineering Bay  
  54  11:35  Marine x2  
  54  11:36  Banshee  
  54  11:38  Marauder  
  60  11:42  SCV  
  60  11:53  Marine x2  
  62  11:57  Starport Tech Lab  
  62  11:59  Marauder  
  62  12:00  Starport Tech Lab  
  64  12:07  Starport Tech Lab  
  64  12:08  Orbital Command  
  64  12:19  Banshee  
  64  12:20  Banshee  
  70  12:27  Fusion Core  
  70  12:32  Banshee  
  73  12:43  Planetary Fortress  
  73  12:46  Command Center  
  73  13:02  Banshee  
  73  13:03  Banshee  
  77  13:15  Banshee  
  78  13:26  Hyperflight Rotors  
  78  13:40  Banshee  
  81  13:45  Banshee  
  81  13:46  Banshee  
  86  13:58  Banshee  
  75  14:28  Banshee  
  75  14:53  Banshee  
  75  14:57  SCV  
  79  15:09  SCV  
  79  15:10  Banshee  
  83  15:21  SCV  
  84  15:36  Banshee  
Tags
 
Add a new tag
Caveats
  • Supply blocks, unpowered buildings, or Contaminate may cause inaccurate times.
  • Supply counts are checked every 10 seconds.